 Dungeon Crawl Stone Soup version 0.27.1 (webtiles) character file.

Game seed: 9385513426604483010

701 MacCMillion the Gusty (level 7, -3/36 HPs)
             Began as a Deep Elf Air Elementalist on Aug 28, 2021.
             Killed from afar by an acid dragon (16 damage)
             ... with a splash of acid
             ... on level 5 of the Dungeon.
             The game lasted 00:15:27 (5053 turns).

MacCMillion the Gusty (Deep Elf Air Elementalist)   Turns: 5053, Time: 00:15:27

Health: -3/36      AC:  7    Str:  6    XL:     7   Next: 38%
Magic:  12/16      EV: 11    Int: 21    God:
Gold:   193        SH:  0    Dex: 15    Spells: 8/16 levels left

rFire    . . .     SeeInvis .   b - +0 dagger
rCold    . . .     Faith    .   (no shield)
rNeg     . . .     Spirit   .   g - +0 leather armour
rPois    .         Reflect  .   (no helmet)
rElec    .         Harm     .   m - +1 cloak
rCorr    .         Rampage  .   q - +0 pair of gloves
Will     .....                  c - +0 pair of boots
Stlth    ++........             l - amulet of magic regeneration
HPRegen  0.12/turn              (no ring)
MPRegen  0.40/turn              (no ring)

@: swift, very quick
A: no striking features
a: no special abilities


You were on level 5 of the Dungeon.
You visited 2 branches of the dungeon, and saw 6 of its levels.

You collected 193 gold pieces.

Inventory:

Hand Weapons
 b - a +0 dagger (weapon)
Armour
 a - a +0 robe
 c - a +0 pair of boots (worn)
 g - a +0 leather armour (worn)
 m - a +1 cloak (worn)
 q - a +0 pair of gloves (worn)
Magical Staves
 k - a staff of fire
Jewellery
 l - an amulet of magic regeneration (around neck)
Scrolls
 e - 2 scrolls of teleportation {unknown}
 h - 4 scrolls of identify {unknown}
 i - a scroll of immolation {unknown}
 n - a scroll of acquirement {unknown}
 w - a scroll of enchant armour
Potions
 d - 2 potions of flight {unknown}
 f - a potion of berserk rage {unknown}
 j - a potion of lignification {unknown}
 o - a potion of mutation {unknown}
 p - a potion of degeneration {unknown}
 r - a potion of heal wounds {unknown}
 s - 2 potions of might {unknown}
 t - a potion of ambrosia {unknown}
 u - a potion of magic {unknown}
 v - 2 potions of brilliance {unknown}


   Skills:
 - Level 2.4 Dodging
 - Level 2.4 Stealth
 - Level 5.0 Spellcasting
 - Level 3.0 Conjurations
 * Level 7.7 Air Magic


You had 8 spell levels left.
You knew the following spells:

 Your Spells              Type           Power      Damage    Failure   Level
a - Shock                 Conj/Air       100%       1d9       1%          1
b - Swiftness             Air            37%        N/A       2%          3
c - Airstrike             Air            18%        N/A       7%          4

Your spell library contained the following spells:

 Spells                   Type           Power      Damage    Failure   Level
 Static Discharge         Conj/Air       27%        N/A       2%          2


Dungeon Overview and Level Annotations

Branches:
Dungeon (5/15)             Temple (1/1) D:4

Altars:
Dithmenos
Elyvilon
Fedhas
Gozag
Hepliaklqana
Kikubaaqudgha
Makhleb
Okawaru
Ru
Trog
Uskayaw
Wu Jian
Xom
Yredelemnul
Zin
The Shining One

Annotations:
D:4 Edmund


Message History

An adder comes into view.
The zap hits the adder.
The adder is heavily wounded.
The adder hisses angrily.
The zap hits the adder.
The adder is almost dead.
The zap hits the adder!
You kill the adder!
You can't see any susceptible monsters within range! (Use Z to cast anyway.)
You can't see any susceptible monsters within range! (Use Z to cast anyway.)
An adder comes into view.
Found 16 stones.
The adder hisses angrily.
You hear a roar!
An acid dragon comes into view.
The zap hits the adder.
The adder is lightly wounded.
The acid dragon roars!
The zap hits the adder.
The adder is severely wounded.
The zap hits the adder!
You kill the adder!
The zap hits the acid dragon but does no damage.
The zap hits the acid dragon.
The acid dragon is lightly wounded.
The zap hits the acid dragon!
The acid dragon is moderately wounded.
The acid dragon spits acid at you. The splash of acid hits you!
You are splashed with acid!
You are too injured to fight recklessly!
You are too injured to fight recklessly!
You are too injured to fight recklessly!
You are too injured to fight recklessly!
Casting: Shock (safe; 1% risk of failure)
Confirm with . or Enter, or press ? or * to list all spells.
You feel quick. The acid dragon spits acid at you.
The splash of acid misses you. The acid dragon spits acid at you.
The splash of acid hits you!
You die...

...............#...#.....
#########.......#<..#.....
#.......#.......#...#.....
#.......#.......#...#.....
#.......#D......#...#.....
#.......#.......#...#.....
#.......#..)....#...#.....
#.......#.......#...#.....
#.......#@......#...#.....
#.......#.......#...#.....
#.......#.......#...#.....
#.......#.......#...#.....
#.......#.......#...#.....
#.......#.......#...#.....
#.......'.......#...#.....
#.......#.......#...#.....
#########.......#...#.....


You could see an acid dragon (catching breath).

Vanquished Creatures
  A wyvern (D:5)
  2 ice beasts (D:5)
  An ogre (D:5)
  A scorpion (D:4)
  2 hounds
  Jessica (D:3)
  A hound skeleton (D:5)
  4 adders
  A white imp (D:5)
  An ufetubus (D:5)
  2 worms (D:3)
  2 dart slugs
  3 orcs
  7 ball pythons
  4 bats
  6 endoplasms
  4 giant cockroaches
  5 hobgoblins
  9 jackals
  A kobold (D:3)
  5 quokkas
  4 frilled lizards
  11 goblins
  5 rats
83 creatures vanquished.

Vanquished Creatures (others)
  4 plants (D:4)
4 creatures vanquished.

Grand Total: 87 creatures vanquished

Notes
Turn   | Place    | Note
-------+----------+-------------------------------------------
     0 | D:1      | MacCMillion the Deep Elf Air Elementalist began the quest
                  | for the Orb.
     0 | D:1      | Reached XP level 1. HP: 10/10 MP: 6/6
   187 | D:1      | Reached XP level 2. HP: 15/15 MP: 1/8
   398 | D:1      | Found a faded altar of an unknown god.
   848 | D:1      | Reached XP level 3. HP: 10/19 MP: 0/10
  1069 | D:2      | Found a burning altar of Makhleb.
  1588 | D:3      | Reached skill level 4 in Air Magic
  1885 | D:3      | Reached XP level 4. HP: 24/24 MP: 9/12
  1889 | D:3      | Noticed Jessica
  1895 | D:3      | Killed Jessica
  2193 | D:3      | You fall into a shaft and drop 1 floor!
  2735 | D:4      | Reached XP level 5. HP: 22/28 MP: 7/13
  2818 | D:4      | Found a glowing silver altar of Zin.
  2890 | D:4      | Noticed Edmund
  3311 | D:4      | Learned a level 3 spell: Swiftness
  3316 | D:4      | Learned a level 4 spell: Airstrike
  3393 | D:4      | Reached skill level 5 in Air Magic
  3572 | D:4      | Found a staircase to the Ecumenical Temple.
  3651 | Temple   | Entered the Ecumenical Temple
  3863 | D:5      | Entered Level 5 of the Dungeon
  3871 | D:5      | Noticed a wyvern
  3889 | D:5      | Killed a wyvern
  3890 | D:5      | Reached skill level 5 in Spellcasting
  3890 | D:5      | Reached XP level 6. HP: 24/32 MP: 7/15
  4013 | D:5      | Reached skill level 6 in Air Magic
  4153 | D:5      | Found a glowing golden altar of the Shining One.
  4176 | D:5      | Found a hide-covered altar of Uskayaw.
  4208 | D:5      | Found a white marble altar of Elyvilon.
  4410 | D:5      | Noticed an ice beast
  4429 | D:5      | Killed an ice beast
  4430 | D:5      | Reached skill level 7 in Air Magic
  4430 | D:5      | Reached XP level 7. HP: 36/36 MP: 10/16
  5053 | D:5      | Killed from afar by an acid dragon

Illustrated notes

Levels and vault maps discovered:
D:1:      amcnicky_arrival_abandoned_market, layout_rooms,
          dreamdust_ecumenical_altar_grove, st_stairs_1
D:2:      layout_basic, basic_altar, minmay_misc_feat_rows,
          kennysheep_minor_cross, minmay_vboxes
D:3:      kb_forest_paths, layout_basic, grunt_decor_cap, uniq_jessica
D:4:      layout_loops_ring, zin_statuary, minmay_temple_entry_enclosed_plants,
          serial_forest, infiniplex_forest_clump_curved,
          infiniplex_forest_corner_2, infiniplex_forest_3_way,
          infiniplex_forest_fountain, infiniplex_forest_clump_large,
          infiniplex_forest_straight_2, infiniplex_forest_clump_C,
          infiniplex_forest_straight_2, uniq_edmund
D:5:      layout_gridville, kennysheep_little_box, tso_metal_star,
          elyvilon_altar_4
Temple:   nicolae_temple_hex_pool

Skill      XL: |  1  2  3  4  5  6 |
---------------+-------------------+-----
Spellcasting   | 4 5 |  5.0
Air Magic      | 4 5 7 |  7.7
Conjurations   | 2 3 |  3.0
Dodging        | |  2.4
Stealth        | |  2.4

Action                   |  1- 3 |  4- 6 |  7- 9 || total
-------------------------+-------+-------+-------++-------
Melee: Dagger            |     9 |     1 |       ||    10
 Cast: Shock             |    99 |   109 |    21 ||   229
       Swiftness         |       |     1 |     2 ||     3
  Use: Scroll            |       |     2 |       ||     2
Armor: Robe              |     6 |       |       ||     6
       Leather armour    |       |    10 |     3 ||    13
Dodge: Dodged            |    13 |    32 |     4 ||    49
